Map: Crimson Research Lab LE

Players

David

  • Race: Terran Terran
  • Spawn Location: 5:00

Leonidas

  • Race: Protoss Protoss
  • Spawn Location: 5:00

PREDATOR

  • Race: Terran Terran
  • Spawn Location: 11:00

Computer

  • Race: Terran Terran
  • Spawn Location: 11:00

VOD

Have the link to the VOD?

Description

Time

  • Played on: April 10, 2025, 10:49 a.m.
  • Length: 5:20
Show
View Real Time Build Order
Export as new Build Order

David Terran 

Build Orders:  

Get SALT Encoding   

  12  0:01  SCV  
  13  0:15  Supply Depot  
  13  0:22  SCV  
  14  0:40  Refinery, Barracks  
  14  0:42  SCV  
  15  0:58  Barracks  
  15  1:04  SCV  
  16  1:20  Supply Depot  
  16  1:23  SCV  
  17  1:36  SCV  
  18  1:48  SCV, Marine x2  
  21  1:55  Engineering Bay  
  21  2:00  SCV  
  22  2:02  Supply Depot  
  22  2:06  Marine x2  
  24  2:15  Orbital Command  
  24  2:23  Marine  
  24  2:24  Marine  
  26  2:35  Factory  
  26  2:42  SCV  
  27  2:54  SCV  
  27  2:57  Supply Depot  
  28  3:06  SCV  
  29  3:17  Command Center  
  29  3:18  SCV  
  30  3:26  Terran Infantry Weapons Level 1  
  30  3:32  SCV  
  31  3:37  Refinery  
  31  3:38  Factory Tech Lab  
  31  3:41  Barracks Tech Lab  
  31  3:48  Barracks Tech Lab  
  29  4:04  SCV  
  30  4:11  Marine x2  
  30  4:16  SCV  
  33  4:27  Factory  
  33  4:29  Marine x2  
  33  4:31  SCV  
  36  4:34  SCV  
  37  4:46  SCV  
  37  4:47  Marine x2  
  37  4:52  Starport  
Show
View Real Time Build Order
Export as new Build Order

Leonidas Protoss 

Build Orders:  

Get SALT Encoding   

  12  0:15  Pylon  
  12  0:23  Pylon  
  12  0:26  Probe  
  13  0:38  Probe  
  14  0:50  Probe  
  15  1:02  Probe  
  16  1:04  Forge  
  16  1:15  Probe  
  17  1:22  Assimilator  
  17  1:27  Assimilator, Probe  
  17  1:31  Pylon  
  18  1:39  Probe  
  19  1:51  Probe  
  20  2:03  Probe  
  21  2:14  Pylon  
  21  2:15  Probe  
  22  2:17  Pylon  
  22  2:27  Probe  
  23  2:37  Photon Cannon  
  23  2:39  Probe, Photon Cannon  
  23  2:43  Photon Cannon  
  24  2:46  Photon Cannon  
  23  3:47  Nexus  
  23  3:49  Assimilator  
  23  3:53  Assimilator  
  23  3:56  Pylon  
  23  4:02  Pylon  
  23  4:07  Pylon  
  23  4:10  Probe  
  24  4:18  Probe  
  25  4:28  Probe  
  26  4:31  Gateway  
  26  4:37  Gateway  
  26  4:40  Gateway, Probe  
  27  4:48  Pylon  
  27  4:52  Probe  
  28  4:59  Photon Cannon  
  28  5:05  Photon Cannon  
  28  5:15  Photon Cannon  
Show
View Real Time Build Order
Export as new Build Order

PREDATOR Terran 

Build Orders:  

Get SALT Encoding   

  12  0:00  SCV  
  13  0:12  Supply Depot  
  13  0:20  Supply Depot  
  13  0:36  Barracks  
  13  0:39  Barracks  
  13  0:45  Barracks  
  13  0:49  SCV  
  14  0:53  Barracks  
  14  0:55  Refinery  
  14  0:59  Refinery  
  14  1:01  SCV  
  15  1:10  Supply Depot  
  15  1:13  SCV  
  16  1:25  SCV  
  17  1:37  SCV  
  18  1:40  Supply Depot  
  18  1:48  Barracks Reactor  
  18  1:50  SCV  
  18  1:52  Barracks Tech Lab  
  19  1:55  Barracks Reactor  
  19  1:57  Barracks Reactor  
  19  2:02  SCV  
  20  2:12  Marine  
  20  2:14  SCV  
  22  2:25  Marine x2  
  22  2:26  SCV  
  25  2:30  Marine  
  25  2:34  Marine x4  
  30  2:38  SCV  
  30  2:43  Marine x2  
  33  2:44  Factory  
  33  2:48  Marine  
  33  2:50  SCV  
  35  2:51  Engineering Bay  
  35  2:52  Marine x4  
  39  3:01  Marine x2  
  39  3:02  SCV  
  42  3:06  Marine  
  40  3:14  SCV  
  40  3:19  Marine  
  36  3:25  Marine x4  
  36  3:26  SCV, Marine x2  
  39  3:35  Factory Tech Lab  
  39  3:36  Marine  
  40  3:43  Marine x5  
  40  3:44  Combat Shield, Marine  
  46  3:50  Command Center  
  46  3:54  Marine  
  47  4:12  Orbital Command  
  47  4:21  Supply Depot  
  47  4:22  Supply Depot  
  47  4:43  Marine x7  
  54  5:01  Marine x7  
Show
View Real Time Build Order
Export as new Build Order

Computer Terran 

Build Orders:  

Get SALT Encoding   

  12  2:30  SCV  
  13  2:43  SCV  
  14  2:55  SCV  
Tags
 
Add a new tag
Caveats
  • Supply blocks, unpowered buildings, or Contaminate may cause inaccurate times.
  • Supply counts are checked every 10 seconds.